 Dungeon Crawl Stone Soup version 0.30-b1-2-g02819fbbbe (webtiles) character file.

Game seed: 5715296952465727146

1182 Anothat the Stinger (level 8, -1/47 (58) HPs)
             Began as a Gnoll Wanderer on May 10, 2023.
             Slain by a wraith (8 damage)
             ... on level 7 of the Dungeon.
             The game lasted 00:11:35 (6311 turns).

Anothat the Stinger (Gnoll Wanderer)                Turns: 6311, Time: 00:11:35

HP:   -1/47 (58)    AC: 19    Str: 11    XL:     8   Next: 42%
MP:   14/14         EV:  3    Int: 15    God:
Gold: 359           SH:  0    Dex: 11    Spells: 14/15 levels left

rFire   . . .        a - +0 club
rCold   . . .        (no shield)
rNeg    . . .        s - +0 plate armour
rPois   .            y - +1 helmet
rElec   .            (no cloak)
rCorr   .            (no gloves)
SInv    .            (no boots)
Will    .....        (no amulet) Stlth
                     b - +4 ring of protection
HPRegen 0.27/turn    r - ring of flight
MPRegen 0.14/turn

%: no passive effects
@: on berserk cooldown, flying, hasted and slowed, heavily drained
A: fangs 1, strong nose, distributed training
a: no special abilities


You were on level 7 of the Dungeon.
You visited 2 branches of the dungeon, and saw 8 of its levels.

You collected 359 gold pieces.

Inventory:

Hand Weapons
 a - a +0 club (weapon)
 e - a +0 spear
 l - a +3 long sword
 m - a +3 whip of venom
Missiles
 q - a throwing net (quivered)
Armour
 c - a +0 ring mail
 n - a +3 leather armour
 s - a +0 plate armour (worn)
 v - a +3 leather armour of willpower
 y - a +1 helmet (worn)
Magical Staves
 g - a staff of cold
Jewellery
 b - a +4 ring of protection (left hand)
 r - a ring of flight (right hand)
 t - a ring of poison resistance
 C - a +6 ring of strength
Wands
 z - a wand of flame (2)
 B - a wand of roots (4)
Scrolls
 f - 2 scrolls of vulnerability {unknown}
 h - a scroll of teleportation
 i - a scroll of fear
 j - 3 scrolls of identify
 k - a scroll of butterflies {unknown}
 A - a scroll of fog {unknown}
Potions
 d - 2 potions of flight
 o - a potion of resistance


   Skills:
 + Level 3.4 Fighting
 + Level 3.4 Short Blades
 + Level 3.4 Long Blades
 + Level 3.4 Axes
 + Level 3.4 Maces & Flails
 + Level 3.4 Polearms
 + Level 3.4 Staves
 + Level 3.4 Ranged Weapons
 + Level 3.4 Throwing
 + Level 7.4 Armour
 + Level 3.4 Dodging
 + Level 3.4 Stealth
 + Level 3.4 Shields
 + Level 3.4 Unarmed Combat
 + Level 4.4 Spellcasting
 + Level 2.7 Conjurations
 + Level 2.7 Hexes
 + Level 2.7 Summonings
 + Level 2.7 Necromancy
 + Level 3.5 Translocations
 + Level 2.7 Transmutations
 + Level 2.7 Fire Magic
 + Level 2.7 Ice Magic
 + Level 2.7 Air Magic
 + Level 2.7 Earth Magic
 + Level 7.7 Poison Magic
 + Level 3.7 Invocations
 + Level 4.3 Evocations


You had 14 spell levels left.
You knew the following spells:

 Your Spells              Type           Power      Damage    Failure   Level
a - Sting                 Tmut/Pois      76%        1d6       96%         1

Your spell library contained the following spells:

 Spells                   Type           Power      Damage    Failure   Level
 Apportation              Tloc           28%        N/A       99%         1
 Blink                    Tloc           28%        N/A       100%        2
 Lesser Beckoning         Tloc           28%        N/A       100%        2
 Momentum Strike          Conj/Tloc      24%        3d8       100%        2
 Sublimation of Blood     Necr           11%        N/A       100%        2
 Call Canine Familiar     Summ           11%        N/A       100%        3
 Dazzling Flash           Conj/Hex       22%        N/A       100%        3
 Ignite Poison            Fire/Tmut/Pois 16%        N/A       100%        3
 Ozocubu's Armour         Ice            11%        N/A       100%        3
 Portal Projectile        Hex/Tloc       24%        N/A       100%        3
 Tukima's Dance           Hex            11%        N/A       100%        3
 Vhi's Electric Charge    Tloc/Air       24%        N/A       100%        3
 Leda's Liquefaction      Hex/Erth       5%         N/A       100%        4
 Manifold Assault         Tloc           14%        N/A       100%        4
 Olgreb's Toxic Radiance  Pois           26%        N/A       100%        4
 Agony                    Necr           11%        N/A       100%        5
 Blade Hands              Tmut           5%         N/A       100%        5
 Borgnjor's Vile Clutch   Necr/Erth      5%         N/A       100%        5
 Irradiate                Conj/Tmut      5%         3d13      100%        5
 Silence                  Hex/Air        5%         N/A       100%        5
 Dragon Form              Tmut           5%         N/A       100%        7
 Storm Form               Tmut/Air       5%         N/A       100%        7


Dungeon Overview and Level Annotations

Branches:
Dungeon (7/15)             Temple (1/1) D:6

Altars:
Cheibriados
Elyvilon
Gozag
Hepliaklqana
Makhleb
Nemelex Xobeh
Okawaru
Qazlal
Ru
Trog
Xom
Yredelemnul
Zin
The Shining One

Shops:
D:6 [

Annotations:
D:4 4 runed translucent doors, Arum's ghost, novice FoFi


Innate Abilities, Weirdness & Mutations

You have very sharp teeth.
Your uncanny sense of smell can sniff out nearby items.
Your experience applies equally to all skills.


Message History

The wraith is severely damaged.
The wraith hits you but does no damage. x2
You hit the wraith but do no damage.
The wraith is severely damaged.
The wraith hits you.
You closely miss the wraith.
The wraith is severely damaged.
The wraith hits you but does no damage.
You hit the wraith but do no damage. You punch the wraith, but do no damage.
The wraith is severely damaged.
The wraith hits you. The wraith drains your vigour!
You feel as though you will be slow longer.
You hit the wraith.
The wraith is severely damaged.
The wraith hits you but does no damage.
You hit the wraith but do no damage. You punch the wraith.
The wraith is severely damaged.
The wraith hits you! The wraith drains your vigour!
You feel as though you will be slow longer.
You hit the wraith.
The wraith is severely damaged.
The wraith hits you but does no damage.
You hit the wraith. You bite the wraith, but do no damage.
The wraith is almost destroyed.
The wraith hits you.
* * * LOW HITPOINT WARNING * * *
The wraith drains your vigour!
You feel as though you will be slow longer.
The wraith hits you.
* * * LOW HITPOINT WARNING * * *
The wraith drains your vigour!
You feel as though you will be slow longer.
Okay, then.
You hit the wraith but do no damage.
The wraith is almost destroyed.
The wraith hits you but does no damage.
You hit the wraith but do no damage.
The wraith is almost destroyed.
The wraith hits you!
You die...

.. #.## ..#
##.# #..###
###..#
#.....###....#
#.........##..#
.##.....####..#
###...# #.#
#..## #.# ##.@#
#.. #..W# ..#
#...# ##
.............#
............##
........##...#
....#.... ..##
...##.### ..#
..# #. #.


You could see a wraith.

Vanquished Creatures
  Edmund (D:5)
  An ice beast (D:6)
  2 bullfrogs (D:6)
  2 scorpions
  2 wights (D:7)
  2 gnoll boudas
  A hound (D:6)
  2 jellies
  3 orc priests (D:5)
  An iguana (D:5)
  An orc wizard (D:5)
  A sleepcap (D:4)
  Robin (D:4)
  8 gnolls
  7 adders
  3 white imps
  An ufetubus (D:5)
  5 worms
  16 orcs
  6 bats
  2 endoplasms
  4 giant cockroaches
  18 goblins
  7 hobgoblins
  6 jackals
  4 quokkas
  6 ball pythons
  3 frilled lizards
  A goblin skeleton (D:4)
  8 kobolds
  7 rats
132 creatures vanquished.

Vanquished Creatures (others)
  5 toadstools (D:1)
5 creatures vanquished.

Grand Total: 137 creatures vanquished

Notes
Turn   | Place    | Note
-------+----------+-------------------------------------------
     0 | D:1      | Anothat the Gnoll Wanderer began the quest for the Orb.
     0 | D:1      | Anothat set off with the following items: a +0 club, a
                  | scroll of fear, a +0 ring mail; and the following spells
                  | available to memorise: Sting, Apportation, Olgreb's Toxic
                  | Radiance, Ignite Poison, Vhi's Electric Charge.
     0 | D:1      | Reached XP level 1. HP: 13/13 MP: 4/4
   335 | D:1      | Reached XP level 2. HP: 19/19 MP: 5/5
   845 | D:2      | Reached XP level 3. HP: 16/25 MP: 7/7
   910 | D:2      | Learned a level 1 spell: Sting
   951 | D:2      | Reached skill level 1 in Invocations
   964 | D:2      | Found a glowing golden altar of the Shining One.
  1069 | D:2      | Reached skill level 1 in Fighting
  1069 | D:2      | Reached skill level 1 in Short Blades
  1069 | D:2      | Reached skill level 1 in Long Blades
  1069 | D:2      | Reached skill level 1 in Axes
  1069 | D:2      | Reached skill level 1 in Maces & Flails
  1069 | D:2      | Reached skill level 1 in Polearms
  1069 | D:2      | Reached skill level 1 in Staves
  1069 | D:2      | Reached skill level 1 in Ranged Weapons
  1069 | D:2      | Reached skill level 1 in Throwing
  1069 | D:2      | Reached skill level 1 in Dodging
  1069 | D:2      | Reached skill level 1 in Stealth
  1069 | D:2      | Reached skill level 1 in Shields
  1069 | D:2      | Reached skill level 1 in Unarmed Combat
  1346 | D:2      | Reached XP level 4. HP: 27/32 MP: 8/8
  2095 | D:3      | Found a sparkling altar of Nemelex Xobeh.
  2118 | D:3      | Reached skill level 1 in Conjurations
  2118 | D:3      | Reached skill level 1 in Hexes
  2118 | D:3      | Reached skill level 1 in Summonings
  2118 | D:3      | Reached skill level 1 in Necromancy
  2118 | D:3      | Reached skill level 1 in Transmutations
  2118 | D:3      | Reached skill level 1 in Fire Magic
  2118 | D:3      | Reached skill level 1 in Ice Magic
  2118 | D:3      | Reached skill level 1 in Air Magic
  2118 | D:3      | Reached skill level 1 in Earth Magic
  2405 | D:4      | Found a burning altar of Makhleb.
  2405 | D:4      | Noticed a balrug
  2437 | D:4      | Found a runed translucent door.
  2437 | D:4      | Noticed a human
  2441 | D:4      | Found a basalt altar of Yredelemnul.
  2485 | D:4      | Got the Tome of Maleficent Rites and Hoarfrost
  2551 | D:4      | Noticed Robin
  2596 | D:4      | Reached XP level 5. HP: 19/37 MP: 9/9
  2629 | D:4      | Killed Robin
  2755 | D:4      | Found an opulent altar of Gozag.
  2935 | D:4      | Found a runed translucent gate.
  2935 | D:4      | Found a runed translucent gate.
  2941 | D:4      | Found a runed translucent gate.
  3005 | D:4      | Reached XP level 6. HP: 43/44 MP: 9/11
  3199 | D:4      | Noticed Arum's ghost (novice FoFi)
  3285 | D:5      | Entered Level 5 of the Dungeon
  3301 | D:5      | Found a bloodstained altar of Trog.
  3677 | D:5      | Noticed Edmund
  3692 | D:5      | Killed Edmund
  3693 | D:5      | Reached XP level 7. HP: 38/51 MP: 12/12
  4676 | D:6      | Found a glowing silver altar of Zin.
  4676 | D:6      | Noticed an angel
  4724 | D:6      | Identified the +1 leather armour of Docoel {rC+ Dex-2 SInv}
  4821 | D:6      | Reached XP level 8. HP: 58/58 MP: 14/14
  4900 | D:6      | Found a staircase to the Ecumenical Temple.
  4917 | Temple   | Entered the Ecumenical Temple
  5089 | D:6      | Found a white marble altar of Elyvilon.
  5284 | D:6      | Found Furoirek's Armour Boutique.
  5725 | D:7      | HP: 2/51 [wight/+5 mace (4)]
  5977 | D:7      | HP: 2/44 [wight/+3 long sword (6)]
  6277 | D:7      | Noticed a wraith
  6311 | D:7      | Slain by a wraith

Illustrated notes

Levels and vault maps discovered:
D:1:      ldierk_walled_garden, layout_rooms
D:2:      layout_basic, basic_altar, kennysheep_generic_room_8
D:3:      layout_basic, old_standard_altar
D:4:      layout_rooms, makhleb_altar_promises_db, dk_yredelemnul_ordeal,
          lemuel_tele_altar, ebering_ghost_rock_garden,
          nicolae_concentric_dashed_squares_mild, uniq_robin
D:5:      layout_basic, mainiacjoe_overflow_surrounded_room, minivault_14,
          uniq_edmund
D:6:      layout_loops_corners, mainiacjoe_overflow_alcove_1, zin_angel,
          minmay_temple_entry_junction, nicolae_take_the_stairs, st_stairs_3
D:7:      layout_layer_cave, mainiacjoe_overflow_catwalk_spiral
Temple:   nicolae_temple_superstar

Skill      XL: |  1  2  3  4  5  6  7 |
---------------+----------------------+-----
Translocations | 2 3 |  3.5
Invocations    | 1 2 3 |  3.7
Fighting       | 1 2 3 |  3.4
Short Blades   | 1 2 3 |  3.4
Long Blades    | 1 2 3 |  3.4
Axes           | 1 2 3 |  3.4
Maces & Flails | 1 2 3 |  3.4
Polearms       | 1 2 3 |  3.4
Staves         | 1 2 3 |  3.4
Ranged Weapons | 1 2 3 |  3.4
Throwing       | 1 2 3 |  3.4
Dodging        | 1 2 3 |  3.4
Stealth        | 1 2 3 |  3.4
Shields        | 1 2 3 |  3.4
Unarmed Combat | 1 2 3 |  3.4
Spellcasting   | 3 4 |  4.4
Conjurations   | 1 2 |  2.7
Hexes          | 1 2 |  2.7
Summonings     | 1 2 |  2.7
Necromancy     | 1 2 |  2.7
Transmutations | 1 2 |  2.7
Fire Magic     | 1 2 |  2.7
Ice Magic      | 1 2 |  2.7
Air Magic      | 1 2 |  2.7
Earth Magic    | 1 2 |  2.7
Evocations     | 3 4 |  4.3
Armour         | 7 |  7.4
Poison Magic   | |  7.7

Action                     |  1- 3 |  4- 6 |  7- 9 || total
---------------------------+-------+-------+-------++-------
  Melee: Club              |    52 |       |    28 ||    80
         Spear             |   160 |     7 |       ||   167
         Bite              |    19 |    19 |    23 ||    61
         Punch             |     1 |     2 |     5 ||     8
         Whip              |       |   208 |   169 ||   377
  Throw: Throwing net      |       |       |     1 ||     1
   Cast: Sting             |     3 |       |       ||     3
    Use: Scroll            |     1 |     7 |     2 ||    10
         Potion            |     1 |       |     5 ||     6
   Stab: Sleeping          |       |     1 |       ||     1
         Held in net/web   |       |       |     1 ||     1
 Armour: Ring mail         |   121 |    21 |       ||   142
         Leather armour    |       |    47 |       ||    47
         Plate armour      |       |    69 |   140 ||   209
         Skin              |       |       |    13 ||    13
  Dodge: Dodged            |   143 |   104 |    21 ||   268
